 Dungeon Crawl Stone Soup version 0.17.1-3-g152610e (webtiles) character file.

34746 azaza322 the Blocker (level 13, -40/90 HPs)
             Began as a Gargoyle Fighter on Apr 3, 2016.
             Was a High Priest of the Shining One.
             Annihilated by a titanic slime creature (85 damage)
             ... on level 14 of the Dungeon.
             The game lasted 01:17:11 (16638 turns).

azaza322 the Blocker (Gargoyle Fighter)            Turns: 16638, Time: 01:17:11

Health: -40/90     AC: 32    Str: 22 (23) XL:     13   Next: 79%
Magic:  13/13      EV:  9    Int:  9 (11) God:    the Shining One [*****.]
Gold:   734        SH: 17    Dex: 13      Spells: 0 memorised, 12 levels left

rFire  . . .     SeeInvis .     V - +3 morningstar (freeze)
rCold  . . .     Clarity  +     Q - +3 scale mail
rNeg   + + +     SustAt   .     c - +1 shield
rPois  ∞         Gourm    .     F - +1 helmet
rElec  +         Spirit   .     b - +1 cloak {+Inv}
rCorr  .         Warding  .     Z - +0 pair of gloves
rMut   .         Stasis   .     A - +1 pair of boots
MR     +....                    M - amulet of clarity
Stlth  +.........               (no ring)
                                i - +2 ring of strength

@: very slightly contaminated, hasted, glowing, studying Fighting, very quick,
somewhat resistant to hostile enchantments, very unstealthy
A: iridescent scales 1, large bone plates 1, camouflage 1, agile 1, blurry
vision 1, deformed body, deterioration 1, magic resistance 1, negative energy
resistance 1, electricity resistance, unbreathing, petrification resistance, rot
immunity, AC +9
a: Divine Shield, Cleansing Flame, Summon Divine Warrior, Renounce Religion,
Evoke Invisibility


You were on level 14 of the Dungeon.
You worshipped the Shining One.
The Shining One was extremely pleased with you.
You were not hungry.

You visited 2 branches of the dungeon, and saw 16 of its levels.
You also visited: Sewer, Ossuary and Bailey.

You collected 986 gold pieces.
You spent 252 gold pieces at shops.

Inventory:

Hand Weapons
 y - a +2 mace of holy wrath
 V - a +3 morningstar of freezing (weapon)
Missiles
 S - 15 javelins of returning (quivered)
Armour
 b - a +1 cloak of invisibility (worn)
 c - a +1 shield (worn)
 e - a +1 hat
 A - a +1 pair of boots (worn)
 F - a +1 helmet (worn)
 Q - a +3 scale mail (worn)
 Z - a +0 pair of gloves (worn)
Jewellery
 i - a +2 ring of strength (left hand)
 z - an uncursed ring of fire
 M - an amulet of clarity (around neck)
Wands
 j - a wand of hasting (5)
 U - a wand of digging (5)
Scrolls
 g - 4 scrolls of remove curse {unknown}
 h - 3 scrolls of identify
 k - 6 scrolls of enchant armour
 s - 4 scrolls of blinking {unknown}
 t - 4 scrolls of enchant weapon
 v - 2 scrolls of random uselessness {unknown}
 w - 6 scrolls of amnesia
 C - 2 scrolls of magic mapping
 D - 7 scrolls of teleportation {unknown}
 N - a scroll of noise {unknown}
 O - 2 scrolls of vulnerability {unknown}
 X - a scroll of brand weapon {unknown}
Potions
 d - 2 potions of might
 l - 6 potions of flight
 m - 4 potions of agility
 n - a potion of resistance
 E - a potion of haste
 G - 3 potions of brilliance
 H - 2 potions of cancellation
 I - 2 potions of berserk rage
 K - a potion of invisibility
Books
 T - a manual of Fighting
Comestibles
 a - 28 fruits
 f - a mutagenic chunk of flesh
 u - 3 meat rations
 x - 3 beef jerkies
 B - 3 slices of pizza
 Y - a bread ration


   Skills:
 + Level 14.0 Fighting
 + Level 12.9 Maces & Flails
 + Level 2.4 Throwing
 + Level 9.8 Armour
 - Level 0.2 Stealth
 + Level 14.6 Shields


You had 12 spell levels left.
You didn't know any spells.

Dungeon Overview and Level Annotations

Branches:
Dungeon (15/15)            Temple (1/1) D:6            Lair (0/8) D:8
    Orc (0/4) D:10         Vaults (0/5) D:14
 Depths: D:15

Altars:
Ashenzari
Cheibriados
Dithmenos
Elyvilon
Fedhas
Gozag
Kikubaaqudgha
Nemelex Xobeh
Okawaru
Qazlal
The Shining One

Shops:
D:5 *??   D:11 ?*}   D:14 (

Annotations:
D:12 Azrael, Snorg


Innate Abilities, Weirdness & Mutations

You are resistant to torment.
Your stone body is resilient (AC +9).
You are immune to poison.
You resist negative energy.
You are resistant to electric shocks.
You can survive without breathing.
You are immune to petrification.
You are immune to rotting.
You are partially covered in iridescent scales (AC +4).
You are partially covered in large bone plates (AC +2, SH +2).
Your skin changes colour to match your surroundings (Stealth).
You are agile. (Dex +2)
Scrolls take you a little longer to read.
Armour fits poorly on your strangely shaped body.
Your body sometimes deteriorates upon taking damage.
You are resistant to hostile enchantments.


Message History

Two slime creatures merge to form a titanic slime creature.
There is a stone staircase leading up here.
You see here a short sword.
Items here: ! )))))) [[[
Things that are here:
a robe; a dagger You block the titanic slime creature's attack.
You see here 17 stones.
Things that are here:
a large rock; 17 arrows; a shortbow
There is a stone staircase leading down, spattered with blood here.
You see here 6 arrows.
Things that are here:
10 arrows; a shortbow You feel yourself speed up.
The titanic slime creature hits you!!!
Ouch! That really hurt!
You are very lightly contaminated with residual magic.
The titanic slime creature hits you!!!!
Ouch! That really hurt!
You die...

.............##.
#.#.#........###
#.#.#.>.........
#.#.#........###
#............J..
#.###........###
#............###
#####..##...........
#..@...##...........
#.J....##########...
#()(...####.........
#(>(......#.........
#####.###.#.........
#.# #........... #.#
###.........
###.####(..(......
#.....#...........


You could see a titanic slime creature.

Vanquished Creatures
  Gastronok (D:12)
  Agnes (D:14)
  An ettin (D:14)
  Josephine (D:10)
  The ghost of azaza322 the Blocker, a journeyman GrFi of the Shining One (D:14)
  3 hydras
  A deep troll earth mage (D:13)
  An alligator (shapeshifter) (D:14)
  An unseen horror (D:13)
  5 hill giants
  6 ugly things
  A cyclops (D:14)
  3 centaur zombies
  Maurice (D:13)
  2 manticores (D:11)
  Joseph (D:8)
  A gargoyle (D:12)
  3 trolls
  4 two-headed ogres
  A freezing wraith (D:15)
  Prince Ribbit (D:6)
  4 slime creatures (D:10)
  A raiju (shapeshifter) (D:14)
  A trapdoor spider zombie (D:14)
  The ghost of azaza322 the Shield-Bearer, an amateur GrFi (Ossuary)
  A trapdoor spider (D:12)
  A shadow (D:14)
  2 deep elf magi
  5 yaks (D:10)
  3 hungry ghosts
  Eustachio (D:4)
  A fire elemental (D:13)
  Grum (D:7)
  2 wolves (D:7)
  5 wraiths (D:10)
  A mottled dragon (D:15)
  A soldier ant (D:14)
  2 water moccasins
  3 hell hounds (D:12)
  15 orc warriors
  An eye of draining (D:11)
  6 sky beasts
  4 ogres
  5 black bears
  3 ice beasts
  6 phantoms
  18 centaurs
  3 big kobolds
  8 giant frogs
  A wyvern zombie (D:12)
  A water moccasin zombie (Ossuary)
  A gnoll sergeant (D:7)
  3 scorpions
  26 wights
  6 killer bees (D:13)
  2 quasits
  4 crimson imps
  10 orc priests
  13 orc wizards
  A giant frog skeleton (D:6)
  4 jellies
  Crazy Yiuf (D:2)
  6 centaur skeletons
  3 iguanas
  Ijyb (D:1)
  5 hounds
  Terence (D:1)
  2 worker ants
  3 sheep (D:14)
  3 big kobold zombies (Ossuary)
  A killer bee zombie (D:5)
  A hound zombie (D:9)
  2 mummies (Ossuary)
  Robin (D:2)
  15 adders
  3 gnolls (D:7)
  4 river rats (Sewer)
  4 shadow imps
  An ooze (Sewer)
  3 adder zombies (Ossuary)
  A worm (D:4)
  4 giant geckos
  78 orcs
  10 ball pythons
  7 bats
  2 bat zombies (D:4)
  8 giant cockroaches
  18 goblins
  13 hobgoblins
  8 jackals
  23 kobolds
  2 quokkas
  6 giant newts
  3 hobgoblin zombies (Ossuary)
  5 kobold zombies (Ossuary)
  4 orc zombies (Ossuary)
  A quokka skeleton (D:4)
  A quokka zombie (D:7)
  27 rats
498 creatures vanquished.

Vanquished Creatures (others)
  An orc wizard (D:14)
  An adder (D:12)
  An orc (D:10)
  A kobold zombie (Ossuary)
4 creatures vanquished.

Grand Total: 502 creatures vanquished

Notes
Turn   | Place    | Note
--------------------------------------------------------------
     0 | D:1      | azaza322 the Gargoyle Fighter began the quest for the Orb.
     0 | D:1      | Reached XP level 1. HP: 14/14 MP: 1/1
   144 | D:1      | Reached XP level 2. HP: 19/19 MP: 2/2
  1054 | D:2      | Reached skill level 4 in Shields
  1054 | D:2      | Reached XP level 3. HP: 7/23 MP: 3/3
  1397 | D:2      | Noticed Ijyb
  1400 | D:2      | Noticed Robin
  1401 | D:2      | Noticed Terence
  1431 | D:1      | Killed Ijyb
  1431 | D:1      | Reached XP level 4. HP: 13/28 MP: 4/4
  1444 | D:1      | Killed Terence
  1817 | D:2      | Killed Robin
  1817 | D:2      | Reached XP level 5. HP: 33/33 MP: 5/5
  2120 | D:2      | Found an opulent altar of Gozag.
  2235 | D:2      | Noticed Crazy Yiuf
  2247 | D:2      | Killed Crazy Yiuf
  2407 | D:3      | Found a glowing drain.
  2418 | Sewer    | Entered a sewer
  2604 | Sewer    | Reached skill level 5 in Shields
  2660 | Sewer    | Reached XP level 6. HP: 25/38 MP: 6/6
  3854 | D:3      | Reached XP level 7. HP: 44/44 MP: 7/7
  4203 | D:4      | Reached skill level 6 in Shields
  4444 | D:4      | Found an ancient bone altar of Kikubaaqudgha.
  4594 | D:4      | Noticed Eustachio
  4607 | D:4      | Reached skill level 5 in Armour
  4741 | D:5      | Entered Level 5 of the Dungeon
  5002 | D:4      | Killed Eustachio
  5188 | D:4      | Reached skill level 5 in Fighting
  5188 | D:4      | Reached skill level 7 in Shields
  5188 | D:4      | Reached XP level 8. HP: 37/49 MP: 8/8
  5340 | D:5      | Found a blossoming altar of Fedhas.
  5358 | D:5      | Found Gila's General Store.
  5359 | D:5      | Found Fokat's Magic Scroll Emporium.
  5439 | D:5      | Found Xoher's Magic Scroll Emporium.
  5913 | D:6      | Found a sand-covered staircase.
  5935 | Ossuary  | Entered an ossuary
  6004 | Ossuary  | Noticed azaza322's ghost (amateur GrFi)
  6033 | Ossuary  | Killed azaza322's ghost
  6033 | Ossuary  | Reached skill level 5 in Maces & Flails
  6033 | Ossuary  | Reached skill level 8 in Shields
  6233 | D:6      | Noticed Prince Ribbit
  6262 | D:6      | Found a staircase to the Ecumenical Temple.
  6268 | Temple   | Entered the Ecumenical Temple
  6274 | Temple   | Became a worshipper of the Shining One
  6424 | D:6      | Reached XP level 9. HP: 52/55 MP: 9/9
  6447 | D:6      | Found a shattered altar of Ashenzari.
  6626 | D:6      | Killed Prince Ribbit
  6816 | D:6      | Reached skill level 9 in Shields
  7310 | D:7      | Found a stormy altar of Qazlal.
  7603 | D:7      | Reached * piety under the Shining One
  7748 | D:7      | Gained mutation: Armour fits poorly on your strangely shaped body. [mutagenic meat]
  7749 | D:7      | Gained mutation: Your mind is acute. (Int +2) [mutagenic meat]
  7750 | D:7      | Gained mutation: Your flesh is heat resistant. [mutagenic meat]
  7751 | D:7      | Lost mutation: Your mind is acute. (Int +2) [mutagenic meat]
  8157 | D:8      | Found a staircase to the Lair.
  8252 | D:8      | Noticed Joseph
  8276 | D:8      | Killed Joseph
  8276 | D:8      | Reached skill level 10 in Shields
  8276 | D:8      | Reached XP level 10. HP: 46/64 MP: 10/10
  8445 | D:8      | Found a snail-covered altar of Cheibriados.
  8455 | D:8      | Noticed Grum
  8604 | D:7      | Killed Grum
  8872 | D:9      | Found an iron altar of Okawaru.
  9248 | D:9      | Found a white marble altar of Elyvilon.
  9268 | D:9      | Reached ** piety under the Shining One
  9636 | D:10     | Entered Level 10 of the Dungeon
  9760 | D:10     | Noticed a hill giant
  9970 | D:9      | Killed a hill giant
  9970 | D:9      | Reached skill level 11 in Shields
 10223 | D:10     | Found a staircase to the Orcish Mines.
 10497 | D:10     | Reached XP level 11. HP: 49/69 MP: 11/11
 10526 | D:10     | Noticed a hill giant
 10579 | D:11     | Noticed a hill giant
 10590 | D:11     | Killed a hill giant
 10624 | D:11     | Found a flagged portal.
 10649 | Bailey   | Entered a bailey
 10897 | Bailey   | Reached skill level 12 in Shields
 11214 | Bailey   | Reached *** piety under the Shining One
 12098 | D:11     | Found a shadowy altar of Dithmenos.
 12148 | D:11     | Found Gida's Magic Scroll Shop.
 12244 | D:11     | Found Beugietz's Gadget Shoppe.
 12252 | D:11     | Bought a wand of digging (5) for 252 gold pieces
 12274 | D:11     | Found Ciwetorgh's Assorted Antiques.
 12634 | D:11     | Reached **** piety under the Shining One
 12927 | D:10     | Killed a hill giant
 12927 | D:10     | Reached skill level 10 in Fighting
 13171 | D:10     | Reached skill level 10 in Maces & Flails
 13303 | D:10     | Reached XP level 12. HP: 64/77 MP: 12/12
 13619 | D:10     | Noticed Josephine
 13628 | D:10     | Reached skill level 13 in Shields
 13648 | D:10     | Killed Josephine
 13702 | D:12     | Noticed Gastronok
 13731 | D:12     | Killed Gastronok
 13731 | D:12     | Reached skill level 1 in Throwing
 13797 | D:12     | Gained mutation: You are partially covered in large bone plates (AC +2, SH +2). [mutagenic meat]
 13877 | D:12     | Reached ***** piety under the Shining One
 13925 | D:12     | Gained mutation: Your body sometimes deteriorates upon taking damage. [mutagenic meat]
 13926 | D:12     | Gained mutation: Your skin changes colour to match your surroundings (Stealth). [mutagenic meat]
 13927 | D:12     | Gained mutation: You are resistant to hostile enchantments. [mutagenic meat]
 13929 | D:12     | Gained mutation: Scrolls take you a little longer to read. [mutagenic meat]
 14052 | D:12     | You fall through a shaft for 3 floors!
 14052 | D:15     | Entered Level 15 of the Dungeon
 14162 | D:15     | Gained mutation: You are agile. (Dex +2) [mutagenic meat]
 14163 | D:15     | Gained mutation: You are partially covered in iridescent scales (AC +4). [mutagenic meat]
 14165 | D:15     | Lost mutation: Your flesh is heat resistant. [mutagenic meat]
 14224 | D:15     | Noticed a catoblepas
 14431 | D:14     | Found a sparkling altar of Nemelex Xobeh.
 14433 | D:14     | Noticed azaza322's ghost (journeyman GrFi)
 14490 | D:14     | Killed azaza322's ghost
 14490 | D:14     | Reached XP level 13. HP: 67/87 MP: 13/13
 14618 | D:14     | Noticed Agnes
 14630 | D:14     | Killed Agnes
 14630 | D:14     | Reached skill level 14 in Shields
 14668 | D:14     | You fall through a shaft!
 14775 | D:15     | Noticed a seven-headed hydra
 14790 | D:15     | Killed a seven-headed hydra
 14844 | D:14     | Noticed a five-headed hydra
 14853 | D:14     | Killed a five-headed hydra
 15060 | D:14     | Noticed a six-headed hydra
 15073 | D:14     | Killed a six-headed hydra
 15374 | D:13     | Noticed Maurice
 15380 | D:13     | Killed Maurice
 15919 | D:12     | Noticed Snorg
 15924 | D:12     | Noticed Azrael
 15988 | D:13     | HP: 4/89 [fire elemental[Azrael] (10)]
 16381 | D:14     | Noticed an ettin
 16388 | D:14     | Killed an ettin
 16468 | D:14     | Found a gate to the Vaults.
 16511 | D:14     | Found Deciut's Weapon Emporium.
 16638 | D:14     | Annihilated by a titanic slime creature

Action                   |  1- 3 |  4- 6 |  7- 9 | 10-12 | 13-15 || total
-------------------------+-------+-------+-------+-------+-------++-------
Melee: Flail             |   140 |   347 |   188 |       |       ||   675
       Mace              |       |       |   402 |   282 |       ||   684
       Morningstar       |       |       |       |   601 |   237 ||   838
Throw: Javelin           |       |       |       |    21 |     5 ||    26
Evoke: Wand              |       |       |       |     1 |       ||     1
  Use: Scroll            |       |     3 |       |    13 |       ||    16
       Potion            |       |       |     3 |    12 |     8 ||    23
  Eat: Chunk             |     1 |     7 |    13 |    20 |       ||    41
       Bread ration      |       |     1 |     1 |     3 |       ||     5
       Fruit             |       |       |       |       |     7 ||     7
       Meat ration       |       |       |       |       |     1 ||     1
